 Dungeon Crawl Stone Soup version 0.30-a0-778-g2ef04afb54 (webtiles) character file.

Game seed: 6937710152541837006

182 tio the Grave Robber (level 5, -1/35 HPs)
             Began as a Human Necromancer on Feb 16, 2023.
             Slain by an adder (3 damage)
             ... on level 4 of the Dungeon.
             The game lasted 00:12:38 (3580 turns).

tio the Grave Robber (Human Necromancer)            Turns: 3580, Time: 00:12:38

Health: -1/35      AC:  2    Str: 11    XL:     5   Next: 93%
Magic:  13/19      EV: 12    Int: 15    God:
Gold:   206        SH:  0    Dex: 13    Spells: 9/10 levels left

rFire   . . .      SeeInvis .    f - +0 rapier
rCold   . . .      Faith    .    (no shield)
rNeg    . . .      Spirit   .    a - +0 robe
rPois   .          Reflect  .    (no helmet)
rElec   .          Harm     .    (no cloak)
rCorr   .          Rampage  .    (no gloves)
Will    .....                    (no boots)
Stlth   ++                       (no amulet)
HPRegen 0.25/turn                j - ring of magical power
MPRegen 0.16/turn                (no ring)

@: lethally poisoned (-1 -> -6), very slightly contaminated
A: no striking features
a: no special abilities


You were on level 4 of the Dungeon.
You visited 1 branch of the dungeon, and saw 4 of its levels.
You also visited: Sewer.

You collected 206 gold pieces.

Inventory:

Hand Weapons
 c - a +0 dagger
 f - a +0 rapier (weapon)
Armour
 a - a +0 robe (worn)
Jewellery
 j - a ring of magical power (left hand)
Scrolls
 d - a scroll of summoning {unknown}
 e - 2 scrolls of amnesia {unknown}
 g - 4 scrolls of enchant weapon {unknown}
 k - a scroll of fog {unknown}
 n - a scroll of acquirement {unknown}
 o - a scroll of identify {unknown}
 q - a scroll of immolation {unknown}
 s - 2 scrolls of teleportation {unknown}
 u - a scroll of brand weapon {unknown}
Potions
 b - a potion of magic
 h - 2 potions of resistance {unknown}
 i - 2 potions of heal wounds {unknown}
 l - a potion of brilliance {unknown}
 m - a potion of mutation {unknown}
 p - 3 potions of curing {unknown}
 r - 2 potions of ambrosia {unknown}
 t - 2 potions of haste {unknown}
 v - a potion of degeneration {unknown}
 w - a potion of berserk rage {unknown}


   Skills:
 + Level 0.1 Short Blades
 + Level 2.0 Dodging
 + Level 2.3 Stealth
 + Level 3.3 Spellcasting
 + Level 5.8 Necromancy


You had 9 spell levels left.
You knew the following spells:

 Your Spells              Type           Power      Damage    Failure   Level
a - Necrotise             Necr           76%        1d7       1%          1

Your spell library contained the following spells:

 Spells                   Type           Power      Damage    Failure   Level
 Vampiric Draining        Necr           19%        2d7       5%          3
 Beastly Appendage        Tmut           4%         N/A       19%         1
 Animate Dead             Necr           19%        N/A       19%         4
 Wereblood                Tmut           2%         N/A       28%         2
 Agony                    Necr           19%        N/A       45%         5
 Spider Form              Tmut/Pois      2%         N/A       50%         3


Dungeon Overview and Level Annotations

Branches:
Dungeon (4/15)              Sewer (visited)
 Temple: D:4-7

Altars:

Annotations:
D:3 Mickster's ghost, weakling HOMo


Message History

The hound barely resists.
The goblin shouts!
The hound writhes in agony.
The hound bites you.
The hound writhes in agony.
The hound bites you.
You miscast Necrotise.
You are very lightly contaminated with residual magic.
Nothing appears to happen.
The adder closely misses you. The hound misses you.
The adder closely misses you. The hound bites you but does no damage.
The goblin misses you.
The hound writhes in agony.
The adder barely misses you. The hound bites you but does no damage.
The goblin closely misses you.
The hound writhes in agony.
The hound bites you. The adder closely misses you. The hound barely misses you.
The goblin closely misses you.
The hound barely resists.
The adder closely misses you. The hound bites you. The adder bites you.
You are poisoned.
The adder poisons you! The goblin hits you but does no damage.
You are too injured to fight recklessly!
You are too injured to fight recklessly!
You are too injured to fight recklessly!
You are too injured to fight recklessly!
You hit the hound but do no damage.
The hound is severely wounded.
You feel sick. The hound bites you. The adder barely misses you.
The hound bites you but does no damage. The goblin closely misses you.
You closely miss the hound.
The hound is severely wounded.
You feel sick. The adder misses you. The hound bites you.
* * * LOW HITPOINT WARNING * * *
The goblin hits you with a +0 dagger.
* * * LOW HITPOINT WARNING * * *
The adder bites you.
* * * LOW HITPOINT WARNING * * *
You are lethally poisoned!
The adder poisons you! The hound barely misses you.
* * * LOW HITPOINT WARNING * * *
You feel sick. The hound bites you.
* * * LOW HITPOINT WARNING * * *
The adder bites you.
You die...

....##
......####
#........### #
#..........#.#
#............#
............#
.......h..#
#.....S@$#
##...?g.##
##.....#
#....## ##...
##.. #.. .#.


You could see a hound, an adder and a goblin.

Vanquished Creatures
  7 adders
  5 river rats (Sewer)
  A worm (D:3)
  6 endoplasms
  2 giant cockroaches (D:3)
  3 goblins (D:2)
  6 hobgoblins
  4 quokkas
  8 ball pythons
  3 bats
  8 frilled lizards
  7 kobolds
  8 rats
68 creatures vanquished.

Vanquished Creatures (collateral kills)
  A river rat (Sewer)
  An endoplasm (D:3)
2 creatures vanquished.

Grand Total: 70 creatures vanquished

Notes
Turn   | Place    | Note
-------+----------+-------------------------------------------
     0 | D:1      | tio the Human Necromancer began the quest for the Orb.
     0 | D:1      | Reached XP level 1. HP: 13/13 MP: 3/3
   340 | D:1      | Reached XP level 2. HP: 19/19 MP: 3/5
   713 | D:1      | Found a faded altar of an unknown god.
   977 | D:2      | Reached XP level 3. HP: 24/24 MP: 4/6
  1474 | D:2      | Reached skill level 5 in Necromancy
  1474 | D:2      | Reached XP level 4. HP: 22/30 MP: 0/7
  1992 | D:3      | Found a glowing drain.
  2009 | Sewer    | Entered a sewer
  2216 | Sewer    | Reached XP level 5. HP: 35/35 MP: 9/9
  3008 | D:3      | Found a runed translucent gate.
  3008 | D:3      | Found a runed translucent gate.
  3016 | D:3      | Found a runed translucent gate.
  3017 | D:3      | Noticed Mickster's ghost (weakling HOMo)
  3460 | D:3      | HP: 1/35 [bullfrog zombie (3)]
  3580 | D:4      | Slain by an adder

Illustrated notes

Levels and vault maps discovered:
D:1:      mushboom_english_gardens, layout_loops_cross,
          shapermc_ecumenical_altar_mp_vishouse, st_stairs_7,
          minmay_misc_feat_columns
D:2:      layout_loops_cross
D:3:      layout_loops_ring, cheibrodos_sewer_entry_drain,
          gammafunk_ghost_necromancy, minmay_close_crescents
D:4:      kennysheep_six_static_rooms, layout_layer_cave, tgw_fedhas,
          mainiacjoe_overflow_concentric_impassable, goddamned_bats, uniq_edmund

Skill      XL: |  1  2  3  4  5 |
---------------+----------------+-----
Necromancy     | 5 |  5.8
Spellcasting   | 3 |  3.3
Short Blades   | |  0.1
Dodging        | |  2.0
Stealth        | |  2.3

Action                     |  1- 3 |  4- 6 || total
---------------------------+-------+-------++-------
  Melee: Rapier            |     4 |     4 ||     8
   Cast: Necrotise         |    45 |    96 ||   141
 Armour: Robe              |     4 |    12 ||    16
  Dodge: Dodged            |     7 |    29 ||    36

Table legend: (Time is in decaauts)
 A = Elapsed time spent in this place.
 B = Non-inter-level travel time spent in this place.
 C = Inter-level travel time spent in this place.
 D = Time resting spent in this place.
 E = Time spent auto-exploring this place.
 F = Levels seen in this place.
 G = Mean time per level.
                   A        B        C        D        E       F      G
               +--------+--------+--------+--------+--------+-----+--------+
         Total |   3621 |   3364 |    257 |      0 |   2914 |   5 |  724.2 |
       Dungeon |   2888 |   2631 |    257 |      0 |   2312 |   4 |  722.0 |
         Sewer |    732 |    732 |      0 |      0 |    602 |   1 |  732.0 |
               +--------+--------+--------+--------+--------+-----+--------+

Top non-repeatable levels by time:
     D:2: 1165 daAuts
     D:1: 873 daAuts
     D:3: 839 daAuts
   Sewer: 732 daAuts
     D:4: 10 daAuts
